cohdb
Replays
Latest Replays
All Replays
Popular Replays
Top Player Replays
Match Explorer
How It Works
Community
CoH3 Stats
Reddit
Sign in to upload your games and track your stats! →
Sign in with Steam
Match 42502465
Unlisted
Match 42502465
Overview
Messages
Build Orders
End
Kradschützen Motorcycle Team
Panzergrenadier Squad
Panzergrenadier Squad
Construct Light Support Kompanie
Selects Panzerjäger Kommand Battlegroup
Selects Mine Fields
Fire Support Elements
Selects Defensive Positions
Panzerjäger Squad
Veteran Squad Leaders
Assault Mechanized Group
Selects Tank Busters
Construct Panzerarmee Kommand
Panzerjäger Squad
Vehicle Survival Package
Selects Crew Shock Tactics
Selects Butterfly Bomb Drop
Armored Reserves
Panzerjäger Squad
Panzer IV Assault Group
Selects Crew Shock Tactics
2.5-tonne Medical Truck
Panzerpioneer Squad
Crew Shock Tactics
Construct Mechanized Kompanie
Selects Elefant Tank Destroyer
18-tonne Recovery Half-track
KillandGrill
Voodoo408
Silianu
soiweg
ccGOAAALLL
110
Etiyen
[OldMetal]Mario
0
0
Comments
sign in to comment!
No comments posted yet!